 Dungeon Crawl Stone Soup version 0.30-a0-135-g630cfc4551 (webtiles) character file.

Game seed: 5486009745123616116

89754 enile the Fighter (level 15, -14/121 (122) HPs)
             Began as a Gnoll Wanderer on Sept 21, 2022.
             Was the Champion of Fedhas.
             Killed by an exploding bloated husk (46 damage)
             ... on level 1 of the Swamp.
             The game lasted 00:51:16 (33328 turns).

enile the Fighter (Gnoll Wanderer)                 Turns: 33328, Time: 00:51:16

HP:   -14/121 (122) AC: 10    Str: 12    XL:     15   Next: 98%
MP:   19/29         EV: 17    Int: 17    God:    Fedhas [******]
Gold: 1696          SH:  7    Dex: 16    Spells: 0/35 levels left

rFire   + . .      SeeInvis +    Q - +8 eveningstar (venom)
rCold   . . .      Faith    +    F - +0 buckler
rNeg    + . .      Spirit   .    J - +0 leather armour "Militu" {Fly rPois rF+ rN+ Stlth-}
rPois   +          Reflect  .    (no helmet)
rElec   .          Harm     .    (no cloak)
rCorr   .          Rampage  .    u - +1 pair of gloves {Dex+3}
Will    +....                    I - +2 pair of boots
Stlth   ++++......               y - amulet of faith
HPRegen 0.30/turn                o - ring of see invisible
MPRegen 0.21/turn                Y - ring of wizardry

@: flying, hasted, studying Short Blades, lightly drained, very quick
A: fangs 1, strong nose, distributed training, sense surroundings 1, sturdy
frame 1
a: Renounce Religion, Wall of Briars, Grow Ballistomycete, Overgrow, Grow Oklob


You were on level 1 of the Swamp.
You worshipped Fedhas.
Fedhas was exalted by your worship.
You visited 4 branches of the dungeon, and saw 23 of its levels.
You also visited: Bailey.

You collected 2142 gold pieces.
You spent 446 gold pieces at shops.

Inventory:

Hand Weapons
 e - a +0 scimitar of electrocution
 D - the +11 trident of Lyaweps {flame, rPois}
   (You found it on level 4 of the Dungeon)

   It burns those it strikes, dealing additional fire damage.
   rPois:     It protects you from poison.
 Q - a +8 eveningstar of venom (weapon)
Missiles
 a - 4 throwing nets
 S - 2 javelins (quivered)
Armour
 h - the +2 pair of boots "Laorot" {-Tele rElec Int+4 SInv}
   (You bought it in a shop on level 9 of the Dungeon)

   Int:       It affects your intelligence (+4).
   rElec:     It insulates you from electricity.
   SInv:      It lets you see invisible.
   -Tele:     It prevents most forms of teleportation.
 u - a +1 pair of gloves of dexterity (worn)
 F - a +0 buckler (worn)
 I - a +2 pair of boots (worn)
 J - the +0 leather armour "Militu" (worn) {Fly rPois rF+ rN+ Stlth-}
   (You found it on level 5 of the Dungeon)

   rF:        It protects you from fire.
   rPois:     It protects you from poison.
   rN:        It protects you from negative energy.
   Fly:       It grants you flight.
   Stlth:     It makes you less stealthy.
 O - a +2 robe of willpower
 Z - +0 fire dragon scales
Jewellery
 o - a ring of see invisible (left hand)
 y - an amulet of faith (around neck)
 C - a ring of magical power
 H - an amulet of the acrobat
 R - a +4 ring of protection
 Y - a ring of wizardry (right hand)
Wands
 b - a wand of iceblast (3)
 g - a wand of flame (48)
 w - a wand of digging (15)
 M - a wand of paralysis (7)
 U - a wand of polymorph (12)
Scrolls
 d - a scroll of amnesia
 f - 3 scrolls of enchant weapon
 i - 2 scrolls of torment
 k - 2 scrolls of immolation
 m - 2 scrolls of silence
 n - a scroll of brand weapon
 p - 3 scrolls of magic mapping
 B - 5 scrolls of teleportation
 E - 3 scrolls of vulnerability
 G - 4 scrolls of enchant armour
 L - 3 scrolls of identify
 P - 3 scrolls of poison
 V - 6 scrolls of noise
 X - a scroll of fog
Potions
 c - 6 potions of curing
 j - 3 potions of brilliance
 l - 6 potions of attraction
 q - 2 potions of flight
 r - 3 potions of cancellation
 s - 2 potions of resistance
 t - 3 potions of heal wounds
 v - 2 potions of haste
 x - 6 potions of lignification
 z - 2 potions of berserk rage
 A - 3 potions of mutation
 K - 4 potions of magic
 N - a potion of ambrosia
 T - a potion of might
 W - a potion of invisibility


   Skills:
 + Level 12.6 Fighting
 + Level 11.0 Short Blades
 + Level 10.9 Long Blades
 + Level 11.8 Axes
 + Level 10.9 Maces & Flails
 + Level 11.8 Polearms
 + Level 10.9 Staves
 + Level 10.9 Ranged Weapons
 + Level 10.9 Throwing
 + Level 10.9 Armour
 + Level 10.9 Dodging
 + Level 12.3 Stealth
 + Level 10.9 Shields
 + Level 10.9 Unarmed Combat
 + Level 10.9 Spellcasting
 + Level 9.1 Conjurations
 + Level 9.1 Hexes
 + Level 9.1 Summonings
 + Level 9.1 Necromancy
 + Level 9.1 Translocations
 + Level 9.1 Transmutations
 + Level 9.1 Fire Magic
 + Level 9.1 Ice Magic
 + Level 9.1 Air Magic
 + Level 9.1 Earth Magic
 + Level 9.1 Poison Magic
 + Level 11.8 Invocations
 + Level 10.9 Evocations


You couldn't memorise any spells.
You knew the following spells:

 Your Spells              Type           Power      Damage    Failure   Level
a - Borgnjor's Vile Clut  Necr/Erth      20%        N/A       2%          5
b - Summon Ice Beast      Ice/Summ       40%        N/A       1%          4
c - Leda's Liquefaction   Hex/Erth       20%        N/A       1%          4
d - Passwall              Tmut/Erth      33%        N/A       1%          2
e - Teleport Other        Tloc           40%        N/A       1%          3
f - Call Canine Familiar  Summ           40%        N/A       1%          3
g - Stone Arrow           Conj/Erth      80%        3d12      1%          3
h - Frozen Ramparts       Ice            80%        1d13      1%          3
i - Olgreb's Toxic Radia  Pois           40%        N/A       1%          4
j - Cause Fear            Hex            20%        N/A       1%          4

Your spell library contained the following spells:

 Spells                   Type           Power      Damage    Failure   Level
 Magic Dart               Conj           100%       1d8       1%          1
 Sandblast                Erth           80%        2d17      1%          1
 Ensorcelled Hibernation  Hex/Ice        80%        N/A       1%          2
 Searing Ray              Conj           80%        2d7       1%          2
 Gell's Gravitas          Tloc           40%        N/A       1%          3
 Lesser Beckoning         Tloc           40%        N/A       1%          3
 Portal Projectile        Hex/Tloc       80%        N/A       1%          3
 Spider Form              Tmut/Pois      40%        N/A       1%          3
 Summon Guardian Golem    Hex/Summ       40%        N/A       1%          3
 Swiftness                Air            40%        N/A       1%          3
 Anguish                  Hex/Necr       20%        N/A       1%          4
 Fulminant Prism          Conj/Hex       20%        3d13      1%          4
 Ice Form                 Ice/Tmut       40%        N/A       1%          4
 Alistair's Intoxication  Tmut/Pois      26%        N/A       2%          5
 Eringya's Noxious Bog    Tmut/Pois      20%        N/A       14%         6
 Enfeeble                 Hex            20%        N/A       56%         7
 Ozocubu's Refrigeration  Ice            20%        4d11      56%         7
 Ignition                 Fire           20%        3d7       99%         8


Dungeon Overview and Level Annotations

Branches:
Dungeon (15/15)            Temple (0/1) D:7            Lair (5/5) D:9
  Swamp (1/4) Lair:2       Spider (0/4) Lair:2        Slime (0/5) Lair:5
    Orc (2/2) D:10            Elf (0/3) Orc:2        Vaults (0/5) D:13
 Depths (0/4) D:15         Bailey (visited)

Altars:
Ashenzari
Elyvilon
Fedhas
Kikubaaqudgha
Okawaru
Qazlal
Yredelemnul

Shops:
D:3 !   D:5 *   D:9 [!=([   Orc:1 [   Orc:2 =:[!

Annotations:
D:8 1 runed translucent door, exclusion: ice statue, Modus718's ghost, novice DEIE


Innate Abilities, Weirdness & Mutations

You have very sharp teeth.
Your uncanny sense of smell can sniff out nearby items.
Your experience applies equally to all skills.
You passively map a small area around you.
Your movements are slightly less encumbered by armour. (ER -2)


Message History

Unknown command.
Okay, then.
Press: ? - help, v - describe, . - travel
Here: a bloated husk Some shallow water.
Okay, then.
Okay, then.
You feel yourself speed up.
Your ballistomycete spore is engulfed in dark miasma.
A ballistomycete spore comes into view.
Your ballistomycete spore is engulfed in dark miasma.
Your ballistomycete spore moves out of view.
Your ballistomycete spore is engulfed in dark miasma.
A ballistomycete spore comes into view.
Your ballistomycete spore explodes!
Fedhas protects your plant from harm.
The spriggan rider appears confused.
The explosion of spores engulfs the spriggan rider!
The spriggan rider is moderately wounded.
Your ballistomycete spore explodes!
Fedhas protects your plant from harm.
The death drake appears confused.
The explosion of spores engulfs the death drake!!
The death drake is moderately wounded.
You hear a chilling moan.
Press: ? - help, v - describe, . - travel
Here: a bloated husk Some shallow water.
A briar patch grows up from the ground. x7
The bloated husk explodes!
The blast of putrescent gases engulfs your briar patch!!!
Your briar patch is destroyed!
Your briar patch disappears in a puff of smoke!
The blast of putrescent gases engulfs your briar patch!! x2
The blast of putrescent gases engulfs your briar patch!!!
Your briar patch is destroyed!
Your briar patch disappears in a puff of smoke!
The blast of putrescent gases engulfs you!!!
You die...
Fedhas appreciates your contribution to the ecosystem.

..~.~~# ..~~~~~~§.>~.≈≈≈≈≈....
~.~~..#
,.!~~~~~~.§§.PP≈≈≈...~.
♣~~.♣.# +* #~~§~..P...≈...~..
♣..♣♣.## ,#♣♣~.~~P~P♣≈≈~~...
~.♣♣♣♣.#########♣~~~~)..♣≈.~..
, ~♣♣
♣.~.~~~~§..§~~.)k.♣≈≈~.... ,
♣♣ ♣...~~~...§~§.~P†°♣≈♣♣~..~
♣ ♣♣....~~~.§PP§♣*†..≈♣♣~~~~ ~
♣ ♣.♣♣♣.~♣.§@P.§i...≈....~ ♣
♣.. ♣....PP♣♣...♣#≈#♣~.~ ♣
....♣♣...~♣♣..~.♣*≈# .. ♣
♣..♣.,♣..♣♣♣♣♣..~♣ ## ~ ♣
♣.♣♣....♣♣ ♣♣~.♣ * ♣ ♣.* ♣..♣♣
♣~♣. * , * ♣♣ ♣.§ .~..♣ ~ ~ .♣
♣♣ ♣.♣♣♣ ~ ♣♣ * ♣~ ** ,


You could see a death drake (confused, ally target), a spriggan rider (confused,
ally target), a friendly ballistomycete (summoned) and a friendly ballistomycete
spore.

Vanquished Creatures
  A stone giant (D:15)
  A bunyip (Swamp:1)
  A yaktaur captain (D:15)
  4 vault guards
  An ogre mage (D:13)
  A merfolk avatar (Lair:5)
  Harold (Lair:1)
  A ghost crab (Swamp:1)
  4 centaur warriors
  5 boulder beetles
  An alligator (Swamp:1)
  3 two-headed ogres
  12 death yaks
  2 tengu warriors
  Urug (D:12)
  2 deep elf knights
  Amaemon (Lair:2)
  A sea snake (Lair:5)
  A glowing orange brain (shapeshifter) (D:15)
  A bog body (Lair:2)
  2 harpies (Lair:5)
  Pikel (D:9)
  6 orc knights
  5 cyclopes
  13 ugly things
  4 orc sorcerers
  5 manticores
  2 elephants
  4 black mambas
  Maurice (D:8)
  5 gargoyles
  A molten gargoyle (Lair:2)
  An orange demon (Lair:2)
  An unseen horror (D:10)
  A rime drake (Lair:5)
  8 cane toads
  Maggie (D:7)
  An efreet (D:13)
  A tengu conjurer (D:13)
  14 komodo dragons
  An ice devil (D:8)
  6 hornets
  5 trolls
  A polar bear (Lair:5)
  A tyrant leech (Swamp:1)
  A wind drake (Lair:5)
  Prince Ribbit (D:5)
  9 blink frogs
  7 dream sheep (Lair:5)
  9 slime creatures
  2 centaur simulacra
  5 jumping spiders (Lair:2)
  A culicivora (Lair:2)
  2 shadows (D:10)
  3 spriggans (Swamp:1)
  61 yaks
  5 wyverns
  A vampire (D:10)
  6 basilisks
  2 fire bats (Lair:2)
  3 humans (Bailey)
  A wraith (D:13)
  4 redbacks (Lair:2)
  Eustachio (D:6)
  4 steam dragons
  2 vampire mosquitoes (D:12)
  3 swamp worms (Swamp:1)
  A warg (Orc:1)
  An acid dragon (D:13)
  16 water moccasins
  30 orc warriors
  An ice beast (D:6)
  A black bear (Lair:1)
  11 ogres
  18 centaurs
  A lemure (D:9)
  3 phantoms
  16 bullfrogs
  A necrophage (D:5)
  Blork the orc (D:6)
  A gnoll sergeant (D:9)
  A scorpion (D:5)
  5 wights (D:8)
  9 killer bees
  An electric eel (Lair:1)
  7 howler monkeys
  4 hounds
  Crazy Yiuf (D:6)
  9 orc priests
  2 iguanas
  16 orc wizards
  6 hell rats (Lair:4)
  6 ogre zombies (D:10)
  8 gnolls
  5 adders
  A river rat (Lair:1)
  A white imp (D:6)
  7 ufetubi
  3 worms (D:2)
  7 dart slugs
  51 orcs
  5 endoplasms
  2 giant cockroaches
  8 goblins
  5 hobgoblins
  7 jackals
  9 kobolds
  6 quokkas
  5 ball pythons
  3 bats
  2 frilled lizards
  6 goblin zombies (D:10)
  A hobgoblin skeleton (D:10)
  2 hobgoblin zombies (D:10)
  4 orc skeletons (D:10)
  6 orc zombies (D:10)
  5 rats
  A ballistomycete spore (Orc:1)
  A butterfly (Lair:2)
599 creatures vanquished.

Vanquished Creatures (collateral kills)
  An orc warlord (Orc:1)
  A hydra (D:15)
  3 dream sheep (Lair:5)
  A wyvern (D:9)
  A yak (Lair:5)
  2 vampire mosquitoes (D:12)
  A warg (Orc:2)
  3 orc warriors (Orc:2)
  5 bullfrogs (Bailey)
  A scorpion (D:9)
  3 orcs
  2 goblins (D:7)
  2 hobgoblins (D:7)
  28 ballistomycete spores
54 creatures vanquished.

Vanquished Creatures (others)
  A bloated husk (Swamp:1)
  A swamp worm (Swamp:1)
  2 ufetubi (D:8)
  6 ballistomycete spores
  2 bushes (Lair:4)
  54 fungi
  139 plants
  A withered plant (D:5)
206 creatures vanquished.

Grand Total: 859 creatures vanquished

Notes
Turn   | Place    | Note
-------+----------+-------------------------------------------
     0 | D:1      | enile the Gnoll Wanderer began the quest for the Orb.
     0 | D:1      | enile set off with the following items: a +3 spear, a +0
                  | hand axe, a potion of curing, a +0 leather armour.
     0 | D:1      | Reached XP level 1. HP: 23/23 MP: 1/1
    80 | D:1      | Found a faded altar of an unknown god.
   111 | D:1      | Reached XP level 2. HP: 29/29 MP: 2/2
   417 | D:1      | Reached XP level 3. HP: 31/35 MP: 3/3
   650 | D:2      | Reached skill level 1 in Invocations
   866 | D:2      | Reached skill level 1 in Short Blades
   866 | D:2      | Reached skill level 1 in Long Blades
   866 | D:2      | Reached skill level 1 in Maces & Flails
   866 | D:2      | Reached skill level 1 in Staves
   866 | D:2      | Reached skill level 1 in Ranged Weapons
   866 | D:2      | Reached skill level 1 in Throwing
   866 | D:2      | Reached skill level 1 in Armour
   866 | D:2      | Reached skill level 1 in Dodging
   866 | D:2      | Reached skill level 1 in Shields
   866 | D:2      | Reached skill level 1 in Unarmed Combat
   866 | D:2      | Reached skill level 1 in Spellcasting
   866 | D:2      | Reached skill level 1 in Evocations
  1129 | D:2      | Reached XP level 4. HP: 41/41 MP: 5/5
  1542 | D:3      | Reached skill level 1 in Conjurations
  1542 | D:3      | Reached skill level 1 in Hexes
  1542 | D:3      | Reached skill level 1 in Summonings
  1542 | D:3      | Reached skill level 1 in Necromancy
  1542 | D:3      | Reached skill level 1 in Translocations
  1542 | D:3      | Reached skill level 1 in Transmutations
  1542 | D:3      | Reached skill level 1 in Fire Magic
  1542 | D:3      | Reached skill level 1 in Ice Magic
  1542 | D:3      | Reached skill level 1 in Air Magic
  1542 | D:3      | Reached skill level 1 in Earth Magic
  1542 | D:3      | Reached skill level 1 in Poison Magic
  1840 | D:3      | Found Teuwke Ethry's Distillery.
  1854 | D:3      | Bought a potion of mutation for 80 gold pieces
  2101 | D:3      | Bought a potion of lignification for 30 gold pieces
  2191 | D:4      | Reached XP level 5. HP: 43/47 MP: 7/7
  2317 | D:4      | Identified the +11 trident of Lyaweps {flame, rPois}
  2478 | D:4      | Found a stormy altar of Qazlal.
  2484 | D:4      | Found a blossoming altar of Fedhas.
  2647 | D:4      | Noticed a steam dragon
  2664 | D:4      | Killed a steam dragon
  2665 | D:4      | Reached XP level 6. HP: 25/53 MP: 8/8
  3163 | D:4      | Became a worshipper of Fedhas Madash
  3178 | D:5      | Entered Level 5 of the Dungeon
  3223 | D:5      | Found Quwyakhlo's General Store.
  3231 | D:5      | Bought a scroll of vulnerability for 52 gold pieces
  3231 | D:5      | Bought a potion of curing for 39 gold pieces
  3277 | D:5      | Reached skill level 5 in Axes
  3277 | D:5      | Reached skill level 5 in Polearms
  3352 | D:5      | Identified the +0 leather armour "Militu" {Fly rPois rF+
                  | rN+ Stlth-}
  3377 | D:5      | Identified the +7 short sword "Zacze" {vorpal, Contam rF+
                  | Int-3 Dex+8}
  3409 | D:5      | Found an ancient bone altar of Kikubaaqudgha.
  3423 | D:5      | Reached XP level 7. HP: 60/60 MP: 10/10
  3587 | D:5      | Noticed Prince Ribbit
  3595 | D:5      | Killed Prince Ribbit
  3798 | D:5      | You are sucked into a shaft and drop 1 floor!
  3833 | D:6      | Learned a level 2 spell: Passwall
  3835 | D:6      | Learned a level 1 spell: Sandblast
  3963 | D:6      | Reached XP level 8. HP: 53/67 MP: 12/12
  4033 | D:6      | Found an iron altar of Okawaru.
  4096 | D:6      | Noticed Eustachio
  4105 | D:6      | Killed Eustachio
  4124 | D:6      | Noticed Blork the orc
  4127 | D:6      | Reached * piety under Fedhas
  4136 | D:6      | Killed Blork the orc
  4596 | D:6      | Found a runed translucent door.
  4597 | D:6      | Noticed Crazy Yiuf
  4688 | D:6      | Reached XP level 9. HP: 73/73 MP: 14/14
  4762 | D:6      | Identified the +7 spear of Tortfeasance {drain, Contam
                  | rN++}
  4920 | D:6      | Killed Crazy Yiuf
  4958 | D:7      | Noticed a hornet
  4967 | D:7      | Killed a hornet
  4990 | D:7      | Noticed a gargoyle
  4992 | D:7      | Found a staircase to the Ecumenical Temple.
  5014 | D:7      | Killed a gargoyle
  5032 | D:7      | Noticed Maggie
  5042 | D:7      | Killed Maggie
  5043 | D:7      | Reached skill level 5 in Invocations
  5087 | D:7      | Found a flagged portal.
  5098 | Bailey   | Entered a bailey
  5267 | Bailey   | Reached ** piety under Fedhas
  5310 | Bailey   | Reached skill level 5 in Short Blades
  5310 | Bailey   | Reached skill level 5 in Long Blades
  5310 | Bailey   | Reached skill level 5 in Maces & Flails
  5310 | Bailey   | Reached skill level 5 in Staves
  5310 | Bailey   | Reached skill level 5 in Ranged Weapons
  5310 | Bailey   | Reached skill level 5 in Throwing
  5310 | Bailey   | Reached skill level 5 in Armour
  5310 | Bailey   | Reached skill level 5 in Dodging
  5310 | Bailey   | Reached skill level 5 in Shields
  5310 | Bailey   | Reached skill level 5 in Unarmed Combat
  5310 | Bailey   | Reached skill level 5 in Spellcasting
  5310 | Bailey   | Reached skill level 5 in Evocations
  5310 | Bailey   | Reached XP level 10. HP: 34/81 MP: 17/17
  5664 | Bailey   | Noticed a vault guard
  5685 | Bailey   | Killed a vault guard
  5723 | Bailey   | Noticed a vault guard
  5792 | Bailey   | Killed a vault guard
  6388 | D:7      | Learned a level 3 spell: Frozen Ramparts
  6509 | D:8      | Noticed a gargoyle
  6515 | D:8      | Killed a gargoyle
  6537 | D:8      | Noticed Maurice
  6556 | D:8      | Killed Maurice
  6557 | D:8      | Reached skill level 5 in Conjurations
  6557 | D:8      | Reached skill level 5 in Hexes
  6557 | D:8      | Reached skill level 5 in Summonings
  6557 | D:8      | Reached skill level 5 in Necromancy
  6557 | D:8      | Reached skill level 5 in Translocations
  6557 | D:8      | Reached skill level 5 in Transmutations
  6557 | D:8      | Reached skill level 5 in Fire Magic
  6557 | D:8      | Reached skill level 5 in Ice Magic
  6557 | D:8      | Reached skill level 5 in Air Magic
  6557 | D:8      | Reached skill level 5 in Earth Magic
  6557 | D:8      | Reached skill level 5 in Poison Magic
  6557 | D:8      | Reached XP level 11. HP: 79/89 MP: 20/20
  6623 | D:8      | Reached *** piety under Fedhas
  6769 | D:8      | Found a runed translucent door.
  6770 | D:8      | Noticed Modus718's ghost (novice DEIE)
  6783 | D:8      | Identified the +7 trident of the Spider Nest {flame, Contam
                  | rPois rF+++ Stlth-}
  7820 | D:9      | Found a white marble altar of Elyvilon.
  7920 | D:9      | Found a staircase to the Lair.
  7934 | D:9      | Noticed a two-headed ogre
  8241 | D:9      | Found Qarcheqi's Jewellery Shop.
  8250 | D:9      | Noticed Pikel
  8262 | D:9      | Killed Pikel
  8341 | D:9      | Found Plog's Antique Armour Shop.
  8365 | D:9      | Reached **** piety under Fedhas
  8440 | D:9      | Bought a pair of scorched boots for 190 gold pieces
  8440 | D:9      | Identified the +2 pair of boots "Laorot" {-Tele rElec Int+4
                  | SInv} (You bought it in a shop on level 9 of the Dungeon)
  8445 | D:9      | Found Fagil's Weapon Boutique.
  8763 | D:9      | Found Fuziby's Distillery.
  8771 | D:9      | Bought a potion of heal wounds for 55 gold pieces
  8777 | D:9      | Learned a level 3 spell: Call Canine Familiar
  8799 | D:9      | Found Zatzugh's Antique Armour Shoppe.
  9153 | D:10     | Entered Level 10 of the Dungeon
  9199 | D:10     | Found a staircase to the Orcish Mines.
  9452 | Lair:1   | Entered Level 1 of the Lair of Beasts
  9453 | Lair:1   | Noticed Harold
 10324 | Lair:1   | Killed Harold
 10325 | Lair:1   | Reached XP level 12. HP: 77/97 MP: 22/22
 11212 | Lair:2   | Reached ***** piety under Fedhas
 11213 | Lair:2   | Reached skill level 10 in Fighting
 11909 | Lair:2   | Noticed Amaemon
 11922 | Lair:2   | Killed Amaemon
 12494 | Lair:2   | Found a staircase to the Swamp.
 12653 | Lair:2   | Reached skill level 10 in Stealth
 13302 | Lair:2   | Found a hole to the Spider Nest.
 14214 | Lair:3   | Reached XP level 13. HP: 104/104 MP: 25/25
 14662 | Lair:4   | Learned a level 4 spell: Leda's Liquefaction
 14912 | Lair:4   | Learned a level 3 spell: Teleport Other
 15808 | Lair:4   | Reached skill level 10 in Axes
 15808 | Lair:4   | Reached skill level 10 in Polearms
 16287 | Lair:5   | Entered Level 5 of the Lair of Beasts
 16746 | Lair:5   | Learned a level 3 spell: Stone Arrow
 17310 | Lair:5   | Reached XP level 14. HP: 87/113 MP: 24/27
 17315 | Lair:5   | Reached skill level 10 in Invocations
 17544 | Lair:5   | Identified the +3 trident of Tenieg {spect, SInv}
 18296 | Lair:5   | Gained mutation: You passively map a small area around you.
                  | [potion of mutation]
 18296 | Lair:5   | Gained mutation: Your movements are slightly less
                  | encumbered by armour. (ER -2) [potion of mutation]
 18314 | Lair:5   | Found a staircase to the Slime Pits.
 19743 | Orc:1    | Entered Level 1 of the Orcish Mines
 19754 | Orc:1    | Reached ****** piety under Fedhas
 19925 | Orc:1    | Noticed an orc warlord
 20055 | Orc:1    | Killed an orc warlord
 20476 | Orc:1    | Found Quol's Armour Shop.
 20529 | Orc:2    | Entered Level 2 of the Orcish Mines
 20932 | D:5      | Paralysed by an orc wizard for 2 turns
 20976 | D:5      | Found a broken altar of Ashenzari.
 21043 | D:5      | Found a basalt altar of Yredelemnul.
 21876 | Orc:1    | Learned a level 4 spell: Summon Ice Beast
 22413 | Orc:2    | Found Ynlugoid's Distillery.
 22460 | Orc:2    | Found a staircase to the Elven Halls.
 22757 | Orc:2    | Found Zucuv's Book Emporium.
 22757 | Orc:2    | Found Imatax's Antique Armour Shop.
 22760 | Orc:2    | Found Kases's Jewellery Shoppe.
 23401 | D:11     | Reached skill level 10 in Short Blades
 23401 | D:11     | Reached skill level 10 in Long Blades
 23401 | D:11     | Reached skill level 10 in Maces & Flails
 23401 | D:11     | Reached skill level 10 in Staves
 23401 | D:11     | Reached skill level 10 in Ranged Weapons
 23401 | D:11     | Reached skill level 10 in Throwing
 23401 | D:11     | Reached skill level 10 in Armour
 23401 | D:11     | Reached skill level 10 in Dodging
 23401 | D:11     | Reached skill level 10 in Shields
 23401 | D:11     | Reached skill level 10 in Unarmed Combat
 23401 | D:11     | Reached skill level 10 in Spellcasting
 23401 | D:11     | Reached skill level 10 in Evocations
 23572 | D:12     | Noticed Urug
 23594 | D:12     | Killed Urug
 24026 | D:12     | Identified the +1 scale mail "Gacim" {rPois rC+ Regen+
                  | rCorr}
 24181 | D:12     | Reached XP level 15. HP: 104/120 MP: 29/29
 26887 | D:13     | Paralysed by something for 3 turns
 27229 | D:13     | Found a gate to the Vaults.
 27378 | D:13     | Learned a level 5 spell: Borgnjor's Vile Clutch
 28320 | D:14     | Learned a level 4 spell: Olgreb's Toxic Radiance
 28963 | D:15     | Entered Level 15 of the Dungeon
 30589 | D:15     | Got the Volume of Guile
 30595 | D:15     | Learned a level 4 spell: Cause Fear
 31726 | D:15     | Found a staircase to the Depths.
 32402 | Swamp:1  | Entered Level 1 of the Swamp
 33328 | Swamp:1  | Killed by an exploding bloated husk

Illustrated notes

Levels and vault maps discovered:
D:1:      shiori_arrival_maze, layout_rooms,
          hellmonk_ecumenical_altar_heavens_door
D:2:      layout_rooms, minmay_pentomino_pile
D:3:      layout_rooms, serial_shops, nicolae_shop_trees
D:4:      layout_basic, grunt_temple_overflow_forces_of_nature,
          grunt_decor_one_mirror
D:5:      layout_basic, yredelemnul_altar_generic, general_overflow_altar,
          ashenzari_conservatory_becter, serial_shops, nicolae_shop_stone,
          uniq_prince_ribbit1
D:6:      layout_rooms, lemuel_coloured_pillars_altar, uniq_eustachio,
          uniq_crazy_yiuf_cottage, uniq_blork_the_orc
D:7:      layout_cave_pools, minmay_temple_entry_stoned_glass, enter_bailey_4,
          uniq_maggie
D:8:      cheibrodos_frozen_isle, layout_basic, ebering_ghost_funeral_grove,
          uniq_maurice
D:9:      layout_basic, elyvilon_altar_5, minmay_lair_entry_grove, serial_shops,
          nicolae_stop_n_shop_2, nicolae_shop_stone, nicolae_shop_stone,
          nicolae_square_shop, shop, uniq_pikel
D:10:     layout_rooms, zombieorc1_lemuel, nicolae_titane
D:11:     layout_cross
D:12:     layout_stronghold, minivault_5, uniq_urug
D:13:     layout_small_grid, grunt_vaults_entry_fortified
D:14:     layout_grid_maze
D:15:     grunt_enter_depths_giant_problem, layout_loops_ring, dispersion_dpeg
Lair:1:   layout_gridlike, pond, uniq_harold
Lair:2:   layout_small_grid, skrybe_swamp_entry_bodies,
          nicolae_spider_entry_tight_spaces, amcnicky_mini_pool_medium,
          lemuel_fruit_fields, grunt_megastairs_3, uniq_amaemon
Lair:3:   layout_regular_city
Lair:4:   layout_gridlike, nicolae_lair_grazing_beasts
          [nicolae_sub_lair_graze_edge, nicolae_sub_lair_graze_edge,
          nicolae_sub_lair_graze_edge, nicolae_sub_lair_graze_edge]
Lair:5:   gammafunk_lair_ancient_temple, layout_regular_city, slime_entry_1,
          infiniplex_staircase_pool_2, grunt_megastairs_5
Swamp:1:  layout_falls_marsh, nicolae_swamp_small_spring, swamp_pool2,
          cheibrodos_swamp_minitomb, infiniplex_staircase_pool
Orc:1:    layout_caves, basic_altar, serial_shops, nicolae_shop_window_shopping
Orc:2:    st_orc_rangers, layout_diamond_mine

Skill      XL: |  1  2  3  4  5  6  7  8  9 10 11 12 13 14 15 |
---------------+----------------------------------------------+-----
Stealth        | 6 7 8 9 10 11 12 | 12.3
Invocations    | 1 2 3 4 5 6 7 8 9 10 11 | 11.8
Short Blades   | 1 2 3 5 6 7 8 9 10 11 | 11.0
Long Blades    | 1 2 3 5 6 7 8 9 10 | 10.9
Maces & Flails | 1 2 3 5 6 7 8 9 10 | 10.9
Staves         | 1 2 3 5 6 7 8 9 10 | 10.9
Ranged Weapons | 1 2 3 5 6 7 8 9 10 | 10.9
Throwing       | 1 2 3 5 6 7 8 9 10 | 10.9
Armour         | 1 2 3 5 6 7 8 9 10 | 10.9
Dodging        | 1 2 3 5 6 7 8 9 10 | 10.9
Shields        | 1 2 3 5 6 7 8 9 10 | 10.9
Unarmed Combat | 1 2 3 5 6 7 8 9 10 | 10.9
Spellcasting   | 1 2 3 5 6 7 8 9 10 | 10.9
Evocations     | 1 2 3 5 6 7 8 9 10 | 10.9
Conjurations   | 1 2 3 4 5 6 7 8 9 |  9.1
Hexes          | 1 2 3 4 5 6 7 8 9 |  9.1
Summonings     | 1 2 3 4 5 6 7 8 9 |  9.1
Necromancy     | 1 2 3 4 5 6 7 8 9 |  9.1
Translocations | 1 2 3 4 5 6 7 8 9 |  9.1
Transmutations | 1 2 3 4 5 6 7 8 9 |  9.1
Fire Magic     | 1 2 3 4 5 6 7 8 9 |  9.1
Ice Magic      | 1 2 3 4 5 6 7 8 9 |  9.1
Air Magic      | 1 2 3 4 5 6 7 8 9 |  9.1
Earth Magic    | 1 2 3 4 5 6 7 8 9 |  9.1
Poison Magic   | 1 2 3 4 5 6 7 8 9 |  9.1
Axes           | 5 6 7 8 9 10 11 | 11.8
Polearms       | 5 6 7 8 9 10 11 | 11.8
Fighting       | 7 8 9 10 11 12 | 12.6

Action                   |  1- 3 |  4- 6 |  7- 9 | 10-12 | 13-15 || total
-------------------------+-------+-------+-------+-------+-------++-------
Melee: Spear             |    83 |    77 |       |       |       ||   160
       Bite              |     6 |     2 |     9 |    62 |   126 ||   205
       Punch             |     2 |       |       |       |       ||     2
       Trident           |       |    29 |   122 |   626 |   624 ||  1401
       Eveningstar       |       |       |       |       |   355 ||   355
       Scimitar          |       |       |       |       |    18 ||    18
Throw: Dart              |     4 |       |     6 |    24 |    25 ||    59
       Boomerang         |       |       |     2 |    10 |       ||    12
       Throwing net      |       |       |       |       |     5 ||     5
       Javelin           |       |       |       |       |    15 ||    15
 Cast: Sandblast         |       |       |     4 |       |       ||     4
       Frozen Ramparts   |       |       |       |     7 |     6 ||    13
       Call Canine Famil |       |       |       |     9 |     4 ||    13
       Stone Arrow       |       |       |       |       |    17 ||    17
       Teleport Other    |       |       |       |       |    11 ||    11
       Leda's Liquefacti |       |       |       |       |    14 ||    14
       Summon Ice Beast  |       |       |       |       |    14 ||    14
       Borgnjor's Vile C |       |       |       |       |    26 ||    26
       Olgreb's Toxic Ra |       |       |       |       |     1 ||     1
Invok: Wall of Briars    |       |       |       |     6 |    17 ||    23
       Grow Ballistomyce |       |       |       |     1 |     5 ||     6
Evoke: Wand              |       |       |     9 |    14 |    16 ||    39
  Use: Potion            |     1 |     5 |     4 |     2 |    12 ||    24
       Scroll            |       |     3 |     6 |     8 |    21 ||    38
 Stab: Sleeping          |    10 |    10 |     3 |    10 |    22 ||    55
       Distracted        |     1 |     1 |       |       |     3 ||     5
       Paralysed         |       |       |     1 |     8 |     5 ||    14
       Confused          |       |       |       |     1 |     5 ||     6
       Held in net/web   |       |       |       |       |     2 ||     2
Armor: Leather armour    |    16 |    11 |    32 |   151 |   213 ||   423
Dodge: Dodged            |    47 |    40 |    60 |   275 |   563 ||   985
Block: Buckler           |       |     3 |    16 |   130 |   255 ||   404

Table legend: (Time is in decaauts)
 A = Elapsed time spent in this place.
 B = Non-inter-level travel time spent in this place.
 C = Inter-level travel time spent in this place.
 D = Time resting spent in this place.
 E = Time spent auto-exploring this place.
 F = Levels seen in this place.
 G = Mean time per level.
                   A        B        C        D        E       F      G
               +--------+--------+--------+--------+--------+-----+--------+
         Total |  33245 |  31793 |   1452 |   3213 |  23447 |  24 | 1385.2 |
       Dungeon |  19589 |  18520 |   1069 |   2306 |  13389 |  15 | 1305.9 |
          Lair |   9098 |   8855 |    243 |     57 |   7364 |   5 | 1819.6 |
         Swamp |    924 |    924 |      0 |    332 |    484 |   1 |  924.0 |
  Orcish Mines |   2797 |   2658 |    139 |    518 |   1582 |   2 | 1398.5 |
        Bailey |    834 |    834 |      0 |      0 |    627 |   1 |  834.0 |
               +--------+--------+--------+--------+--------+-----+--------+

Top non-repeatable levels by time:
  Lair:2: 2784 daAuts
    D:13: 2638 daAuts
  Lair:5: 2422 daAuts
    D:15: 2319 daAuts
    D:14: 2041 daAuts
     D:9: 1945 daAuts
    D:12: 1760 daAuts
  Lair:4: 1695 daAuts
  Lair:1: 1513 daAuts
   Orc:2: 1468 daAuts
     D:8: 1401 daAuts
   Orc:1: 1329 daAuts
     D:6: 1255 daAuts
     D:4: 1195 daAuts
    D:10: 1004 daAuts
